 Dungeon Sprint DCSS version 0.21.0-24-g2553a33 (webtiles) character file.

128917137 letownia2 the Heavyweight Champion (level 23, 369/369 HPs)
             Began as a Troll Wizard on Jan 21, 2018.
             Was an Initiate of Gozag.
             Escaped with the Orb
             ... and 17 runes!
             The game lasted 01:03:12 (14145 turns).

letownia2 the Heavyweight Champion (Troll Wizard)  Turns: 14145, Time: 01:03:13

Health: 369/369    AC: 29    Str: 23    XL:     23   Next: 65%
Magic:  53/53      EV: 21    Int: 22    God:    Gozag
Gold:   9023       SH: 28    Dex:  8    Spells: 40/76 levels left

rFire    + . .     SeeInvis +     - Unarmed
rCold    + + +     Gourm    +   F - +2 large shield
rNeg     + . .     Faith    .   (armour currently unavailable)
rPois    ∞         Spirit   .   b - +0 hat
rElec    +         Reflect  .   A - scarf {cloud immunity}
rCorr    +         Harm     .   (gloves unavailable)
MR       ++...     Rnd*Rage +   (boots unavailable) Stlth +.........NoTele +
                                Z - amulet "Biarit" {Gourm rF+ rC+ Stlth+}
HPRegen  1.11/turn              V - ring of Attitude {rCorr rPois rC++ MR+ Stlth+}
MPRegen  0.33/turn              E - ring of Xom's Ringing Laughter {rElec rPois rC+ Int+3 SInv}

@: statue-form, very slightly contaminated, very slow
A: large, unfitting armour, claws 3, berserk 1, deterioration 1, fast metabolism
3, gourmand, regeneration 1, screaming 1, MP-powered wands
0: Orb of Zot
}: 17/15 runes: decaying, serpentine, barnacled, slimy, elven, silver, golden,
iron, obsidian, icy, bone, abyssal, glowing, magical, fiery, dark, gossamer
a: End Transformation, Potion Petition, Call Merchant, Bribe Branch, Renounce
Religion


You escaped.
You worshipped Gozag.
Gozag was greatly pleased with you.
You were not hungry.
You were a stone statue.
You visited 1 branch You collected 52728 gold pieces.
You spent 5576 gold pieces at shops.
You paid 38129 gold pieces to Gozag.

Inventory:

Hand Weapons
 c - a +2 blowgun
 q - a +2 spear of venom
 u - the +4 staff of Dispater
   (You took it off Dispater in the Dungeon)
Missiles
 a - a throwing net (quivered)
 I - 4 curare-tipped needles
Armour
 b - a +0 hat (worn)
 w - the +2 cloak "Bepos" {MP+9}
   (You bought it in a shop in the Dungeon)

   It affects your magic capacity (+9).
 A - a scarf of cloud immunity (worn)
 B - the +2 cloak "Juckykaotz" {*Slow Str+2 Int+7}
   (You bought it in a shop in the Dungeon)

   It affects your strength (+2).
   It affects your intelligence (+7).
   It may slow you when you take damage.
 F - a +2 large shield (worn)
 L - quicksilver dragon scales
 N - +6 ice dragon scales
 P - +1 fire dragon scales (melded)
 T - +0 gold dragon scales
 X - the +2 acid dragon scales of Compression {rN+ rCorr Int+2}
   (You found it in the Dungeon)

   It affects your intelligence (+2).
   It protects you from negative energy.
   It protects you from acid and corrosion.
Magical Staves
 e - an uncursed staff of energy
 p - an uncursed staff of air
Jewellery
 o - the amulet "Leolepn" {Reflect rN+ SH+2}
   (You bought it in a shop in the Dungeon)

   [amulet of reflection]

   It shields you and reflects attacks.
   It protects you from negative energy.
   It affects your SH (+2).
 E - the ring of Xom's Ringing Laughter (right claw) {rElec rPois rC+ Int+3 SInv}
   (You found it in the Dungeon)

   [ring of see invisible]

   It affects your intelligence (+3).
   It protects you from cold.
   It insulates you from electricity.
   It protects you from poison.
   It lets you see invisible.
 J - the amulet "Ykown" {+Rage rC+ Str+4}
   (You bought it in a shop in the Dungeon)

   [amulet of rage]

   It affects your strength (+4).
   It protects you from cold.
   It lets you go berserk.
 K - the amulet of Moexips {Faith rF+ Stlth+}
   (You found it in the Dungeon)

   [amulet of faith]

   It allows you to gain divine favour quickly.
   It protects you from fire.
   It makes you more stealthy.
 S - the ring "Worob" {Ice Int+8}
   (You found it in the Dungeon)

   [ring of ice]

   It enhances your ice magic.
   It affects your intelligence (+8).
   It makes you vulnerable to fire.
   It protects you from cold.
 V - the ring of Attitude (left claw) {rCorr rPois rC++ MR+ Stlth+}
   (You found it in the Dungeon)

   [ring of resist corrosion]

   It greatly protects you from cold.
   It protects you from poison.
   It affects your resistance to hostile enchantments.
   It makes you more stealthy.
 W - a +6 ring of strength
 Z - the amulet "Biarit" (around neck) {Gourm rF+ rC+ Stlth+}
   (You found it in the Dungeon)

   [amulet of the gourmand]

   It allows you to eat raw meat even when not hungry.
   It protects you from fire.
   It protects you from cold.
   It makes you more stealthy.
Wands
 m - a wand of acid (9)
 r - a wand of scattershot (7)
Scrolls
 j - 9 scrolls of blinking
 k - 5 scrolls of remove curse
 l - 2 scrolls of amnesia
 y - 4 scrolls of fear
 C - 9 scrolls of enchant armour
 D - a scroll of immolation
 M - a scroll of torment
 Y - 2 scrolls of fog
Potions
 f - 8 potions of heal wounds
 h - 3 potions of magic
 i - a potion of invisibility
 n - 4 potions of curing
 s - a potion of brilliance
 t - 3 potions of agility
 x - a potion of flight
 z - a potion of lignification
 U - a potion of berserk rage
Books
 v - Sif Muna's Grimoire of Doomed Arcane Weapons
   (You found it in the Dungeon)

   Spells                             Type                      Level
   a - Searing Ray                    Conjuration                  2
   b - Corpse Rot                     Necromancy                   2
   c - Animate Dead                   Necromancy                   4
 G - a book of Transfigurations

   Spells                             Type                      Level
   a - Irradiate                      Conjuration/Transmutation    5
   b - Statue Form                    Transmutation/Earth          6
   c - Hydra Form                     Transmutation                6
   d - Dragon Form                    Transmutation                7
 H - a book of Minor Magic

   Spells                             Type                      Level
   a - Magic Dart                     Conjuration                  1
   b - Blink                          Translocation                2
   c - Call Imp                       Summoning                    2
   d - Slow                           Hexes                        2
   e - Conjure Flame                  Conjuration/Fire             3
   f - Mephitic Cloud                 Conjuration/Poison/Air       3
 O - a book of Enchantments

   Spells                             Type                      Level
   a - Cause Fear                     Hexes                        4
   b - Yara's Violent Unravelling     Hexes/Transmutation          5
   c - Silence                        Hexes/Air                    5
   d - Deflect Missiles               Charms/Air                   6
   e - Discord                        Hexes                        8
 R - a book of Cantrips

   Spells                             Type                      Level
   a - Confusing Touch                Hexes                        1
   b - Animate Skeleton               Necromancy                   1
   c - Summon Small Mammal            Summoning                    1
   d - Apportation                    Translocation                1
Comestibles
 d - 10 rations


   Skills:
 O Level 27 Fighting
 + Level 14.3(16.6) Polearms
 + Level 14.3(16.6) Staves
 + Level 15.4 Throwing
 O Level 27 Armour
 O Level 27 Dodging
 - Level 1.0 Stealth
 O Level 27 Shields
 O Level 27 Unarmed Combat
 O Level 27 Spellcasting
 - Level 4.3 Conjurations
 - Level 6.2 Hexes
 - Level 12.2 Charms
 - Level 6.9 Summonings
 - Level 3.1 Translocations
 - Level 14.8 Transmutations
 - Level 3.0 Fire Magic
 - Level 12.5 Air Magic
 - Level 17.2 Earth Magic
 - Level 3.0 Poison Magic


You had 40 spell levels left.
You knew the following spells:

 Your Spells              Type           Power        Failure   Level  Hunger
a - Magic Dart            Conj           ####         1%          1    None
b - Blink                 Tloc           N/A          1%          2    None
c - Conjure Flame         Conj/Fire      #####...     1%          3    None
d - Confusing Touch       Hex            ######       1%          1    None
e - Mephitic Cloud        Conj/Pois/Air  ######..     1%          3    None
f - Dragon Form           Tmut           #######...   1%          7    ###....
g - Call Imp              Summ           ######..     1%          2    None
i - Silence               Hex/Air        ######....   1%          5    None
r - Deflect Missiles      Chrm/Air       ######....   1%          6    None
u - Statue Form           Tmut/Erth      #######..    1%          6    None


Dungeon Overview and Level Annotations

Branches:
Dungeon (1/1)

Altars:
Cheibriados
Dithmenos
Elyvilon
Fedhas
Gozag
Hepliaklqana
Kikubaaqudgha
Makhleb
Nemelex Xobeh
Okawaru
Qazlal
Ru
Sif Muna
Trog
Uskayaw
Vehumet
Wu Jian
Xom
Yredelemnul
Zin
The Shining One
Beogh
Jiyva
Lugonu

Shops:
D =[*[*=[*([=[*=:[:[*[


Innate Abilities, Weirdness & Mutations

You are too large for most types of armour.
You have claws for hands.
Your metabolism is lightning-fast.
You like to eat raw meat.
Your natural rate of healing is unusually fast.
((You are covered in thick fur. (AC +2)))
((You have very tough skin. (AC +2)))
You tend to lose your temper in combat.
Your body sometimes deteriorates upon taking damage.
You occasionally shout uncontrollably at your foes.
You expend magic power (3 MP) to strengthen your wands.


Message History

There is a snail-covered altar of Cheibriados here.
There is a roughly hewn altar of Beogh here.
There is an open door to the Temple, spattered with blood here.
You see here 5 large rocks.
You are starting to lose your buoyancy.
Things that are here:
11 arrows; a shortbow You feel a little less mighty now.
There is an open door, spattered with blood here.
You see here a large rock.
You see here a large rock.
You float gracefully downwards.
You see here a dagger.
There is an open door to the Dungeon, spattered with blood here.
You see here a dagger.
Unknown command.
You feel a little less clever now.
There is a staircase leading out of the dungeon here.
Unknown command.
You have escaped!

.▓.▓.▓.▓[▓.▓.▓.▓.▓
.▓.▓.▓.▓[▓.▓'▓.▓.▓
.▓.▓$▓.▓[▓.▓∩▓.▓.▓
.▓.▓.▓.▓)▓.▓.▓.▓)▓
.▓.▓.▓.▓.▓)▓.▓.▓)▓
.▓.▓.▓.▓[▓.▓.▓$▓.▓
.▓.▓.▓.▓.▓.▓.▓.▓.▓
.▓.▓.▓.▓.▓.▓.▓.▓.▓
...▓...▓(..▓...▓8▓
▓▓▓▓▓▓▓▓▓▓▓▓▓▓▓▓▓▓


There were no monsters in sight!

Vanquished Creatures
  Cerebov (D)
  Antaeus (D)
  Asmodeus (D)
  the Royal Jelly (D)
  Ereshkigal (D)
  Gloorx Vloq (D)
  Lom Lobon (D)
  Mnoleg (D)
  A seraph (D)
  3 ancient liches (D)
  Dispater (D)
  A juggernaut (D)
  4 orbs of fire (D)
  7 pandemonium lords (D)
  Boris (D)
  8 greater mummies (D)
  Frederick (D)
  Xtahua (D)
  A curse toe (D)
  Geryon (D)
  Jory (D)
  Nikola (D)
  2 electric golems (D)
  2 Brimstone Fiends (D)
  2 Hell Sentinels (D)
  5 tentacled monstrosities (D)
  4 deep elf blademasters (D)
  42 Orb Guardians (D)
  A titan (D)
  10 acid blobs (D)
  3 deep elf master archers (D)
  2 death cobs (D)
  5 liches (D)
  13 sphinxes (D)
  3 quicksilver dragons (D)
  2 Executioners (D)
  2 tentacled starspawn (D)
  5 shadow dragons (D)
  4 storm dragons (D)
  Kirke (D)
  A thorn hunter (D)
  A draconian monk (D)
  A daeva (D)
  8 nagarajas (D)
  2 azure jellies (D)
  A deep elf sorcerer (D)
  A fire giant (D)
  Ilsuiw (D)
  2 frost giants (D)
  3 vault wardens (D)
  Louise (D)
  A balrug (D)
  4 draconian scorchers (D)
  4 draconian knights (D)
  4 draconian stormcallers (D)
  2 angels (D)
  A cacodemon (D)
  5 emperor scorpions (D)
  Aizul (D)
  3 draconian annihilators (D)
  A reaper (D)
  3 draconian shifters (D)
  6 ironheart preservers (D)
  An entropy weaver (D)
  4 very ugly things (D)
  10 vampire knights (D)
  3 deep elf demonologists (D)
  8 stone giants (D)
  2 black draconians (D)
  5 green draconians (D)
  2 red draconians (D)
  3 yellow draconians (D)
  2 lorocyprocas (D)
  2 white draconians (D)
  A deep elf annihilator (D)
  2 blizzard demons (D)
  3 green deaths (D)
  A deep elf death mage (D)
  3 merfolk javelineers (D)
  6 death oozes (D)
  An ettin (D)
  2 mummy priests (D)
  A fire dragon (D)
  5 yaktaur captains (D)
  A spriggan air mage (D)
  3 merfolk impalers (D)
  3 great orbs of eyes (D)
  2 merfolk avatars (D)
  3 naga warriors (D)
  2 rakshasas (D)
  3 ice dragons (D)
  3 ogre magi (D)
  2 ghost crabs (D)
  A catoblepas (D)
  A hell beast (D)
  5 hydras (D)
  25 vault guards (D)
  2 merfolk aquamancers (D)
  A death knight (D)
  A centaur warrior (D)
  A deep troll earth mage (D)
  A tengu warrior (D)
  3 shock serpents (D)
  A thrashing horror (D)
  2 spriggan berserkers (D)
  2 orc high priests (D)
  Sonja (D)
  Nergalle (D)
  A deep elf knight (D)
  3 sun demons (D)
  2 sixfirhies (D)
  A swamp dragon (shapeshifter) (D)
  5 swamp dragons (D)
  2 glowing orange brains (D)
  A phantasmal warrior (D)
  2 ironbrand convokers (D)
  A mana viper (D)
  12 orc knights (D)
  A necromancer (D)
  An orb spider (D)
  A salamander (D)
  2 manticores (D)
  4 wolf spiders (D)
  4 cyclopes (D)
  A deep elf mage (D)
  14 moths of wrath (D)
  A black mamba (D)
  A guardian serpent (shapeshifter) (D)
  2 merfolk sirens (D)
  2 smoke demons (D)
  3 rust devils (D)
  3 guardian serpents (D)
  3 vault sentinels (D)
  4 spiny frogs (D)
  2 naga magi (D)
  A hellion (D)
  3 orange demons (D)
  A freezing wraith (D)
  5 yaktaurs (D)
  3 tormentors (D)
  An efreet (D)
  4 ice devils (D)
  2 hellwings (D)
  6 red devils (D)
  2 komodo dragons (D)
  2 demonic crawlers (D)
  18 guardian mummies (D)
  A tengu conjurer (D)
  2 trolls (D)
  A wandering mushroom (D)
  5 large abominations (D)
  4 merfolk (D)
  2 tyrant leeches (D)
  A blink frog (shapeshifter) (D)
  A snapping turtle (D)
  A tyrant leech (shapeshifter) (D)
  A blink frog (D)
  3 bog bodies (D)
  4 slime creatures (D)
  A hippogriff (shapeshifter) (D)
  2 hippogriffs (D)
  A flying skull (D)
  11 spriggans (D)
  7 ynoxinuls (D)
  A shadow (D)
  A wyvern (D)
  A tarantella (D)
  4 redbacks (D)
  2 water elementals (D)
  2 hogs (D)
  3 humans (D)
  2 yaks (D)
  A steam dragon (D)
  3 golden eyes (D)
  4 neqoxecs (D)
  4 chaos spawn (D)
  4 vampire mosquitoes (D)
  2 acid dragons (D)
  2 floating eyes (D)
  3 swamp drakes (D)
  17 orc warriors (D)
  2 ice beasts (D)
  A sky beast (D)
  An eye of draining (D)
  A boggart (shapeshifter) (D)
  A small abomination (D)
  A centaur (D)
  4 crocodiles (D)
  A big kobold (D)
  7 bullfrogs (D)
  A gnoll sergeant (D)
  3 scorpions (D)
  3 crimson imps (D)
  3 quasits (D)
  An iron imp (D)
  An orc wizard (D)
  2 adders (D)
  A shadow imp (D)
  A white imp (D)
  An ufetubus (D)
  A ball lightning (D)
  7 orcs (D)
  3 goblins (D)
  A kobold (D)
  A bat (D)
  A frilled lizard (D)
  A jackal zombie (D)
  2 briar patches (D)
  A starspawn tentacle (D)
627 creatures vanquished.

Vanquished Creatures (others)
  A deep elf master archer (D)
  6 ball lightnings (D)
  A briar patch (D)
  2 starspawn tentacles (D)
10 creatures vanquished.

Grand Total: 637 creatures vanquished

Notes
Turn   | Place    | Note
-------+----------+-------------------------------------------
     0 | D        | letownia2 the Troll Wizard began the quest for the Orb.
     0 | D        | Reached XP level 1. HP: 16/16 MP: 2/2
     4 | D        | Reached skill level 1 in Unarmed Combat
     8 | D        | Reached skill level 1 in Fighting
    22 | D        | Noticed an ice beast
    22 | D        | Noticed a centaur
    32 | D        | Killed a centaur
    32 | D        | Reached skill level 5 in Unarmed Combat
    32 | D        | Reached XP level 2. HP: 27/27 MP: 2/4
    32 | D        | Reached XP level 3. HP: 33/33 MP: 3/6
    32 | D        | Reached XP level 4. HP: 41/41 MP: 3/7
    35 | D        | Killed an ice beast
    35 | D        | Reached XP level 5. HP: 48/48 MP: 3/9
    45 | D        | Learned a level 3 spell: Mephitic Cloud
    49 | D        | Learned a level 3 spell: Conjure Flame
    52 | D        | Learned a level 2 spell: Blink
    54 | D        | Found a roughly hewn altar of Beogh.
    54 | D        | Found a snail-covered altar of Cheibriados.
    54 | D        | Found a shadowy altar of Dithmenos.
    54 | D        | Found a white marble altar of Elyvilon.
    54 | D        | Found a blossoming altar of Fedhas.
    54 | D        | Found an opulent altar of Gozag.
    55 | D        | Found a hazy altar of Hepliaklqana.
    56 | D        | Found a viscous altar of Jiyva.
    57 | D        | Found an ancient bone altar of Kikubaaqudgha.
    58 | D        | Found a corrupted altar of Lugonu.
    59 | D        | Found a burning altar of Makhleb.
    60 | D        | Found a sparkling altar of Nemelex Xobeh.
    61 | D        | Found an iron altar of Okawaru.
    62 | D        | Became a worshipper of Gozag Ym Sagoz the Greedy
    63 | D        | Found a stormy altar of Qazlal.
    64 | D        | Found a sacrificial altar of Ru.
    65 | D        | Found a deep blue altar of Sif Muna.
    66 | D        | Found a bloodstained altar of Trog.
    67 | D        | Found a hide-covered altar of Uskayaw.
    68 | D        | Found a radiant altar of Vehumet.
    69 | D        | Found an ornate altar of the Wu Jian Council.
    70 | D        | Found a shimmering altar of Xom.
    71 | D        | Found a basalt altar of Yredelemnul.
    72 | D        | Found a glowing silver altar of Zin.
    73 | D        | Found a glowing golden altar of the Shining One.
   100 | D        | Noticed a hippogriff
   100 | D        | Noticed a steam dragon
   100 | D        | Noticed a troll
   127 | D        | Reached skill level 1 in Translocations
   134 | D        | Killed a troll
   134 | D        | Reached skill level 1 in Air Magic
   134 | D        | Reached XP level 6. HP: 45/59 MP: 6/11
   139 | D        | Killed a steam dragon
   139 | D        | Reached XP level 7. HP: 47/67 MP: 4/12
   146 | D        | Killed a hippogriff
   183 | D        | Noticed a cyclops
   183 | D        | Noticed a cyclops
   183 | D        | Noticed a vampire mosquito
   188 | D        | Killed a vampire mosquito
   188 | D        | Reached skill level 10 in Unarmed Combat
   409 | D        | Reached XP level 8. HP: 79/79 MP: 8/13
   419 | D        | Killed a cyclops
   419 | D        | Reached skill level 5 in Fighting
   475 | D        | Killed a cyclops
   615 | D        | Identified Sif Muna's Grimoire of Doomed Arcane Weapons (You found it in the Dungeon)
   619 | D        | Learned a level 2 spell: Call Imp
   630 | D        | Noticed a komodo dragon
   630 | D        | Noticed a hippogriff
   639 | D        | Killed a hippogriff
   644 | D        | Reached XP level 9. HP: 74/93 MP: 5/14
   653 | D        | Killed a komodo dragon
   775 | D        | Noticed a komodo dragon
   784 | D        | Noticed an eight-headed hydra
   793 | D        | Killed a komodo dragon
   793 | D        | Reached skill level 15 in Unarmed Combat
   797 | D        | Killed a ten-headed hydra
   797 | D        | Reached skill level 5 in Spellcasting
   877 | D        | Reached XP level 10. HP: 72/104 MP: 13/17
   919 | D        | Bought a ration for 60 gold pieces
   919 | D        | Bought a ration for 60 gold pieces
   919 | D        | Bought a ration for 60 gold pieces
   919 | D        | Bought a ration for 60 gold pieces
   919 | D        | Bought a ration for 60 gold pieces
   919 | D        | Bought a ration for 60 gold pieces
   919 | D        | Bought a ration for 60 gold pieces
   919 | D        | Bought a ration for 60 gold pieces
   919 | D        | Bought a ration for 60 gold pieces
   919 | D        | Bought a ration for 60 gold pieces
   954 | D        | Noticed a spiny frog
  1027 | D        | Killed a spiny frog
  1069 | D        | Noticed a spiny frog
  1078 | D        | Killed a spiny frog
  1098 | D        | Bought a transparent cloak for 266 gold pieces
  1108 | D        | Identified the +2 cloak "Juckykaotz" {*Slow Str+2 Int+7} (You bought it in a shop in the Dungeon)
  1244 | D        | Noticed an orc high priest
  1254 | D        | Noticed an orc knight
  1257 | D        | Killed an orc high priest
  1364 | D        | Killed an orc knight
  1492 | D        | Bought a scroll labeled MUSIUH XEOCO for 27 gold pieces
  1493 | D        | Noticed an orc knight
  1505 | D        | Noticed an orc high priest
  1516 | D        | Killed an orc knight
  1518 | D        | Noticed an orc knight
  1525 | D        | Reached XP level 11. HP: 74/115 MP: 8/20
  1531 | D        | Killed an orc high priest
  1531 | D        | Reached skill level 10 in Fighting
  1545 | D        | Killed an orc knight
  1691 | D        | Found Jupal's Antique Armour Boutique.
  1691 | D        | Noticed an orc knight
  1691 | D        | Noticed an orc knight
  1691 | D        | Noticed an orc knight
  1692 | D        | Noticed an orc knight
  1802 | D        | Killed an orc knight
  1819 | D        | Killed an orc knight
  1827 | D        | Killed an orc knight
  1863 | D        | Noticed an orc knight
  1867 | D        | Killed an orc knight
  1874 | D        | Killed an orc knight
  1878 | D        | Noticed an orc knight
  1885 | D        | Found Bydgheati's Book Shop.
  1887 | D        | Found Caudgh's Antique Armour Boutique.
  1891 | D        | Found Mual's Book Shop.
  1892 | D        | Killed an orc knight
  1990 | D        | Noticed an orc knight
  1995 | D        | Noticed an orc knight
  2004 | D        | Killed an orc knight
  2010 | D        | Killed an orc knight
  2028 | D        | Bought a glowing large shield for 165 gold pieces
  2040 | D        | Bought a book of Transfigurations for 660 gold pieces
  2047 | D        | Learned a level 6 spell: Statue Form
  2114 | D        | Noticed Sonja
  2121 | D        | Killed Sonja
  2121 | D        | Reached skill level 1 in Armour
  2121 | D        | Reached skill level 1 in Transmutations
  2121 | D        | Reached skill level 1 in Earth Magic
  2278 | D        | Noticed a catoblepas
  2278 | D        | Noticed an ogre mage
  2285 | D        | Killed an ogre mage
  2287 | D        | Noticed a tengu warrior
  2287 | D        | Noticed a deep elf mage
  2291 | D        | Noticed a frost giant
  2294 | D        | Killed a catoblepas
  2298 | D        | Noticed a stone giant
  2301 | D        | Killed a deep elf mage
  2304 | D        | Noticed an ogre mage
  2308 | D        | Noticed a rakshasa
  2319 | D        | Killed a frost giant
  2319 | D        | Reached XP level 12. HP: 105/132 MP: 6/22
  2321 | D        | Killed a stone giant
  2321 | D        | Reached skill level 5 in Earth Magic
  2330 | D        | Killed a tengu warrior
  2338 | D        | Reached skill level 5 in Armour
  2350 | D        | Killed an ogre mage
  2353 | D        | Reached skill level 5 in Transmutations
  2364 | D        | Killed a rakshasa
  2482 | D        | Noticed Kirke
  2485 | D        | Reached skill level 1 in Shields
  2497 | D        | Killed Kirke
  2497 | D        | Reached skill level 5 in Shields
  2567 | D        | Noticed an entropy weaver
  2588 | D        | Killed an entropy weaver
  2650 | D        | Noticed a ghost crab
  2652 | D        | Noticed a ghost crab
  2707 | D        | Killed a ghost crab
  2710 | D        | Killed a ghost crab
  2710 | D        | Reached XP level 13. HP: 93/140 MP: 20/24
  2785 | D        | Noticed a thorn hunter
  2805 | D        | Killed a thorn hunter
  2974 | D        | Learned a level 7 spell: Dragon Form
  3046 | D        | Noticed a nagaraja
  3067 | D        | Noticed a nagaraja
  3075 | D        | Killed a nagaraja
  3087 | D        | Killed a nagaraja
  3087 | D        | Reached skill level 10 in Earth Magic
  3212 | D        | Noticed Nergalle
  3224 | D        | Killed Nergalle
  3314 | D        | Noticed a frost giant
  3314 | D        | Noticed an ettin
  3320 | D        | Noticed a white very ugly thing
  3326 | D        | Noticed a cyan very ugly thing
  3327 | D        | Killed an ettin
  3328 | D        | Noticed a cyan very ugly thing
  3331 | D        | Noticed a stone giant
  3335 | D        | Killed a frost giant
  3335 | D        | Reached skill level 10 in Transmutations
  3340 | D        | Killed a white very ugly thing
  3343 | D        | Killed a cyan very ugly thing
  3349 | D        | Killed a cyan very ugly thing
  3511 | D        | Killed a stone giant
  3514 | D        | Reached XP level 14. HP: 149/149 MP: 21/26
  3535 | D        | Noticed a stone giant
  3553 | D        | Killed a stone giant
  3635 | D        | Noticed a stone giant
  3651 | D        | Killed a stone giant
  3752 | D        | Noticed a vault warden
  3756 | D        | Killed a vault warden
  3764 | D        | Noticed an ironheart preserver
  3778 | D        | Noticed a stone giant
  3781 | D        | Noticed a vault warden
  3784 | D        | Killed an ironheart preserver
  3784 | D        | Reached skill level 15 in Earth Magic
  3791 | D        | Noticed an ironheart preserver
  3794 | D        | Noticed a sphinx
  3799 | D        | Killed a stone giant
  3813 | D        | Killed a vault warden
  3814 | D        | Noticed an ironheart preserver
  3815 | D        | Killed an ironheart preserver
  3830 | D        | Killed a sphinx
  3836 | D        | Killed an ironheart preserver
  3965 | D        | Noticed Xtahua
  3965 | D        | Paralysed by Xtahua for 7 turns
  3981 | D        | Paralysed by Xtahua for 2 turns
  3987 | D        | Killed Xtahua
  4131 | D        | Noticed Boris
  4150 | D        | Killed Boris
  4150 | D        | Reached skill level 10 in Armour
  4160 | D        | Bought a scroll of blinking for 127 gold pieces
  4160 | D        | Bought a scroll of immolation for 59 gold pieces
  4317 | D        | Noticed Aizul
  4322 | D        | Killed Aizul
  4394 | D        | Noticed Ilsuiw
  4395 | D        | Reached skill level 10 in Shields
  4395 | D        | Reached XP level 15. HP: 156/156 MP: 15/27
  4434 | D        | Killed Ilsuiw
  4474 | D        | Got a barnacled rune of Zot
  4511 | D        | Noticed a nagaraja
  4511 | D        | Noticed a nagaraja
  4511 | D        | Noticed a nagaraja
  4512 | D        | Noticed a nagaraja
  4516 | D        | Noticed a nagaraja
  4518 | D        | Killed a nagaraja
  4522 | D        | Killed a nagaraja
  4527 | D        | Noticed a nagaraja
  4529 | D        | Killed a nagaraja
  4529 | D        | Reached skill level 15 in Shields
  4535 | D        | Killed a nagaraja
  4540 | D        | Killed a nagaraja
  4545 | D        | Killed a nagaraja
  4576 | D        | Got a serpentine rune of Zot
  4598 | D        | Bought an ancient iron amulet for 180 gold pieces
  4598 | D        | Identified the amulet "Liesiq" {Gourm Stlth+} (You bought it in a shop in the Dungeon)
  4607 | D        | Bought the amulet "Leolepn" {Reflect rN+ SH+2} for 317 gold pieces
  4693 | D        | Got a decaying rune of Zot
  4915 | D        | Got a gossamer rune of Zot
  4998 | D        | Noticed Jory
  5012 | D        | Killed Jory
  5012 | D        | Reached XP level 16. HP: 157/165 MP: 17/28
  5190 | D        | Noticed a quicksilver dragon
  5191 | D        | Reached skill level 27 in Unarmed Combat
  5193 | D        | Noticed a lich
  5202 | D        | Noticed a shadow dragon
  5209 | D        | Killed a quicksilver dragon
  5209 | D        | Reached skill level 5 in Dodging
  5216 | D        | Noticed an Executioner
  5217 | D        | Noticed a shadow dragon
  5218 | D        | Killed a lich
  5225 | D        | Killed a shadow dragon
  5231 | D        | Killed a shadow dragon
  5306 | D        | Noticed a shadow dragon
  5306 | D        | Noticed a titan
  5306 | D        | Noticed a shadow dragon
  5307 | D        | Noticed a tentacled monstrosity
  5321 | D        | Killed a shadow dragon
  5323 | D        | Noticed a quicksilver dragon
  5326 | D        | Noticed a shadow dragon
  5329 | D        | Killed a titan
  5333 | D        | Killed a tentacled monstrosity
  5333 | D        | Reached skill level 10 in Dodging
  5336 | D        | Killed a shadow dragon
  5336 | D        | Reached skill level 15 in Fighting
  5350 | D        | Killed a shadow dragon
  5355 | D        | Killed a quicksilver dragon
  5355 | D        | Reached XP level 17. HP: 156/184 MP: 29/29
  5359 | D        | Got a faintly glowing garnet amulet
  5377 | D        | Got a silver rune of Zot
  5379 | D        | Identified the amulet "Elaesch" {Inacc rElec rF+ Stlth+} (You found it in the Dungeon)
  5415 | D        | Noticed Louise
  5427 | D        | Killed Louise
  5459 | D        | Noticed Nikola
  5466 | D        | Killed Nikola
  5524 | D        | Got the ring "Worob" {Ice Int+8}
  5526 | D        | Got the ring of Attitude {rCorr rPois rC++ MR+ Stlth+}
  5528 | D        | Got the amulet "Biarit" {Gourm rF+ rC+ Stlth+}
  5543 | D        | Got the ring of Xom's Ringing Laughter {rElec rPois rC+ Int+3 SInv}
  5545 | D        | Got the amulet of Moexips {Faith rF+ Stlth+}
  5576 | D        | Got the +2 acid dragon scales of Compression {rN+ rCorr Int+2}
  5639 | D        | Noticed Frederick
  5646 | D        | Killed Frederick
  5703 | D        | Noticed a juggernaut
  5713 | D        | Killed a juggernaut
  5713 | D        | Reached skill level 15 in Armour
  5890 | D        | Reached skill level 15 in Dodging
  6031 | D        | Noticed a tentacled monstrosity
  6031 | D        | Noticed a curse toe
  6036 | D        | Noticed a quicksilver dragon
  6045 | D        | Killed a tentacled monstrosity
  6057 | D        | Killed a curse toe
  6070 | D        | Killed a quicksilver dragon
  6343 | D        | Bought a ration for 70 gold pieces
  6343 | D        | Bought a ration for 70 gold pieces
  6343 | D        | Bought a ration for 70 gold pieces
  6343 | D        | Bought a ration for 70 gold pieces
  6343 | D        | Bought a ration for 70 gold pieces
  6343 | D        | Bought a ration for 70 gold pieces
  6343 | D        | Bought a ration for 70 gold pieces
  6343 | D        | Bought a ration for 70 gold pieces
  6343 | D        | Bought a ration for 70 gold pieces
  6343 | D        | Bought a ration for 70 gold pieces
  6343 | D        | Bought a ration for 70 gold pieces
  6343 | D        | Bought a ration for 70 gold pieces
  6343 | D        | Bought a ration for 70 gold pieces
  6343 | D        | Bought a ration for 70 gold pieces
  6602 | D        | Noticed a tentacled monstrosity
  6610 | D        | Reached XP level 18. HP: 200/209 MP: 30/30
  6623 | D        | Killed a tentacled monstrosity
  6772 | D        | Noticed an Orb Guardian
  6772 | D        | Noticed an Orb Guardian
  6772 | D        | Noticed an Orb Guardian
  6772 | D        | Noticed an Orb Guardian
  6772 | D        | Noticed an Orb Guardian
  6772 | D        | Noticed an Orb Guardian
  6779 | D        | Noticed an Orb Guardian
  6781 | D        | Killed an Orb Guardian
  6787 | D        | Killed an Orb Guardian
  6788 | D        | Noticed an Orb Guardian
  6796 | D        | Killed an Orb Guardian
  6798 | D        | Noticed an Orb Guardian
  6804 | D        | Killed an Orb Guardian
  6809 | D        | Killed an Orb Guardian
  6812 | D        | Noticed an Orb Guardian
  6819 | D        | Killed an Orb Guardian
  6823 | D        | Killed an Orb Guardian
  6827 | D        | Killed an Orb Guardian
  6830 | D        | Killed an Orb Guardian
  6833 | D        | Killed an Orb Guardian
  7001 | D        | Bought a serpentine golden amulet for 150 gold pieces
  7001 | D        | Bought a scroll labeled YGOUXU WULACK for 30 gold pieces
  7002 | D        | Bought a scroll of identify for 60 gold pieces
  7002 | D        | Identified the amulet "Ykown" {+Rage rC+ Str+4} (You bought it in a shop in the Dungeon)
  7005 | D        | Noticed an Orb Guardian
  7005 | D        | Noticed an Orb Guardian
  7005 | D        | Noticed a tentacled monstrosity
  7006 | D        | Noticed an Orb Guardian
  7013 | D        | Killed a tentacled monstrosity
  7016 | D        | Killed an Orb Guardian
  7017 | D        | Noticed an Orb Guardian
  7018 | D        | Killed an Orb Guardian
  7022 | D        | Killed an Orb Guardian
  7030 | D        | Killed an Orb Guardian
  7048 | D        | Noticed an ancient lich
  7054 | D        | Killed an ancient lich
  7057 | D        | Noticed an orb of fire
  7059 | D        | Killed an orb of fire
  7059 | D        | Reached skill level 10 in Spellcasting
  7062 | D        | Noticed an electric golem
  7067 | D        | Killed an electric golem
  7071 | D        | Bought a dazzling cloak for 275 gold pieces
  7081 | D        | Identified the +2 cloak "Bepos" {MP+9} (You bought it in a shop in the Dungeon)
  7091 | D        | Noticed an ancient lich
  7091 | D        | Noticed an Orb Guardian
  7091 | D        | Noticed an electric golem
  7092 | D        | Noticed an ancient lich
  7095 | D        | Noticed an orb of fire
  7096 | D        | Killed an electric golem
  7099 | D        | Killed an Orb Guardian
  7101 | D        | Noticed an orb of fire
  7103 | D        | Killed an ancient lich
  7103 | D        | Reached XP level 19. HP: 231/231 MP: 31/33
  7110 | D        | Killed an ancient lich
  7115 | D        | Gained mutation: You expend magic power (3 MP) to strengthen your wands. [an orb of fire]
  7118 | D        | Killed an orb of fire
  7121 | D        | Gained mutation: You are clumsy. (Dex -2) [an orb of fire]
  7122 | D        | Killed an orb of fire
  7137 | D        | Noticed an orb of fire
  7145 | D        | Gained mutation: You tend to lose your temper in combat. [an orb of fire]
  7148 | D        | Gained mutation: You are frail. (-10% HP) [an orb of fire]
  7151 | D        | Killed an orb of fire
  8540 | D        | Bought a book of Enchantments for 600 gold pieces
  8540 | D        | Bought a book of Cantrips for 240 gold pieces
  8542 | D        | Learned a level 1 spell: Confusing Touch
  8548 | D        | Learned a level 5 spell: Silence
  8555 | D        | Learned a level 6 spell: Deflect Missiles
  9213 | D        | Bought a ration for 70 gold pieces
  9213 | D        | Bought a ration for 70 gold pieces
  9213 | D        | Bought a ration for 70 gold pieces
  9213 | D        | Bought a ration for 70 gold pieces
  9213 | D        | Bought a ration for 70 gold pieces
  9213 | D        | Bought a ration for 70 gold pieces
  9213 | D        | Bought a ration for 70 gold pieces
  9213 | D        | Bought a ration for 70 gold pieces
  9213 | D        | Bought a ration for 70 gold pieces
  9213 | D        | Bought a ration for 70 gold pieces
  9213 | D        | Bought a ration for 70 gold pieces
  9213 | D        | Bought a ration for 70 gold pieces
  9771 | D        | Reached skill level 1 in Hexes
  9771 | D        | Reached skill level 1 in Charms
  9771 | D        | Reached skill level 1 in Summonings
  9783 | D        | Reached skill level 5 in Air Magic
  9787 | D        | Reached skill level 5 in Summonings
  9793 | D        | Reached skill level 5 in Hexes
  9793 | D        | Reached skill level 5 in Charms
  9943 | D        | Reached XP level 20. HP: 219/219 MP: 37/37
  9983 | D        | Reached skill level 15 in Spellcasting
 10037 | D        | Reached skill level 10 in Air Magic
 10043 | D        | Reached skill level 10 in Charms
 10081 | D        | Got an elven rune of Zot
 10116 | D        | Paralysed by a floating eye for 2 turns
 10133 | D        | Paralysed by a floating eye for 3 turns
 10137 | D        | Noticed the Royal Jelly
 10145 | D        | Killed the Royal Jelly
 10184 | D        | Paralysed by a floating eye for 3 turns
 10200 | D        | Got a slimy rune of Zot
 10220 | D        | Lost mutation: You are clumsy. (Dex -2) [potion of mutation]
 10220 | D        | Lost mutation: You are frail. (-10% HP) [potion of mutation]
 10220 | D        | Gained mutation: You are frail. (-10% HP) [potion of mutation]
 10220 | D        | Gained mutation: You occasionally shout uncontrollably at your foes. [potion of mutation]
 10220 | D        | Gained mutation: Your body sometimes deteriorates upon taking damage. [potion of mutation]
 10220 | D        | Gained mutation: You are covered in thick fur. (AC +2) [potion of mutation]
 10501 | D        | Noticed a greater mummy
 10519 | D        | Killed a greater mummy
 10638 | D        | Noticed a greater mummy
 10659 | D        | Killed a greater mummy
 10659 | D        | Reached XP level 21. HP: 164/230 MP: 43/45
 10804 | D        | Noticed a greater mummy
 10804 | D        | Noticed a greater mummy
 10804 | D        | Noticed a greater mummy
 10807 | D        | Noticed a greater mummy
 10810 | D        | Noticed a greater mummy
 10812 | D        | Killed a greater mummy
 10816 | D        | Noticed a greater mummy
 10819 | D        | Killed a greater mummy
 10826 | D        | Killed a greater mummy
 10847 | D        | Killed a greater mummy
 10854 | D        | Killed a greater mummy
 10859 | D        | Killed a greater mummy
 10872 | D        | Got a golden rune of Zot
 11136 | D        | Got an abyssal rune of Zot
 11272 | D        | Noticed Geryon
 11290 | D        | Killed Geryon
 11293 | D        | Noticed Cerebov
 11293 | D        | Noticed Antaeus
 11294 | D        | Noticed Dispater
 11300 | D        | Noticed Asmodeus
 11317 | D        | Killed Antaeus
 11317 | D        | Reached skill level 27 in Fighting
 11335 | D        | Killed Cerebov
 11335 | D        | Reached skill level 27 in Armour
 11335 | D        | Reached skill level 27 in Dodging
 11352 | D        | Killed Asmodeus
 11363 | D        | Killed Dispater
 11363 | D        | Reached XP level 22. HP: 247/247 MP: 47/47
 11369 | D        | Got an icy rune of Zot
 11385 | D        | Got a fiery rune of Zot
 11387 | D        | Noticed Mnoleg
 11390 | D        | Noticed Gloorx Vloq
 11393 | D        | Noticed Ereshkigal
 11409 | D        | Killed Mnoleg
 11424 | D        | HP: 16/321 [Gloorx Vloq (28)]
 11426 | D        | Killed Gloorx Vloq
 11437 | D        | Killed Ereshkigal
 11439 | D        | Got a glowing rune of Zot
 11445 | D        | Got an obsidian rune of Zot
 11449 | D        | Got an iron rune of Zot
 11652 | D        | Noticed Lom Lobon
 11674 | D        | Killed Lom Lobon
 11683 | D        | Got a dark rune of Zot
 11687 | D        | Got a bone rune of Zot
 11691 | D        | Got a magical rune of Zot
 12105 | D        | Got the Orb of Zot
 12571 | D        | Noticed Noirgh the pandemonium lord
 12588 | D        | Killed Noirgh the pandemonium lord
 12645 | D        | Noticed Qite the pandemonium lord
 12670 | D        | Killed Qite the pandemonium lord
 12773 | D        | Noticed Gakh the pandemonium lord
 12788 | D        | Killed Gakh the pandemonium lord
 12998 | D        | Noticed Erhucs the pandemonium lord
 13016 | D        | Killed Erhucs the pandemonium lord
 13099 | D        | Lost mutation: You are frail. (-10% HP) [a neqoxec]
 13152 | D        | Noticed Haos Qoi the pandemonium lord
 13163 | D        | Noticed Eqosh the pandemonium lord
 13185 | D        | Killed Haos Qoi the pandemonium lord
 13185 | D        | Reached XP level 23. HP: 102/284 MP: 47/52
 13200 | D        | Killed Eqosh the pandemonium lord
 13200 | D        | Reached skill level 27 in Shields
 13235 | D        | Reached skill level 27 in Spellcasting
 13237 | D        | Reached skill level 1 in Throwing
 13239 | D        | Reached skill level 1 in Polearms
 13239 | D        | Reached skill level 1 in Staves
 13324 | D        | Reached skill level 5 in Throwing
 13340 | D        | Noticed Awoumpoe the pandemonium lord
 13361 | D        | Killed Awoumpoe the pandemonium lord
 13583 | D        | Reached skill level 10 in Throwing
 13626 | D        | Reached skill level 10 in Polearms
 13626 | D        | Reached skill level 10 in Staves
 14076 | D        | Noticed a seraph
 14098 | D        | Killed a seraph
 14098 | D        | Reached skill level 15 in Throwing
 14145 | D        | Escaped with the Orb!

Skill      XL: |  1  2  3  4  5  6  7  8  9 10 11 12 13 14 15 16 17 18 19 20 21 22 23 |
---------------+----------------------------------------------------------------------+-----
Unarmed Combat | 5 7 8 9 10 13 15 18 19 23 27 | 27.0
Fighting       | 1 2 3 4 7 9 12 15 19 23 24 27 | 27.0
Dodging        | 3 10 16 21 22 23 27 | 27.0
Conjurations   | 2 3 4 |  4.3
Spellcasting   | 3 4 5 6 7 8 9 11 14 21 22 26 27 | 27.0
Translocations | 2 3 |  3.1
Fire Magic     | 2 3 |  3.0
Air Magic      | 1 2 9 12 | 12.5
Poison Magic   | 2 3 |  3.0
Armour         | 4 5 9 10 14 18 22 23 24 27 | 27.0
Transmutations | 3 6 11 14 | 14.8
Earth Magic    | 4 7 13 17 | 17.2
Shields        | 9 10 17 19 26 27 | 27.0
Hexes          | 6 |  6.2
Charms         | 8 12 | 12.2
Summonings     | 6 |  6.9
Throwing       | 15 | 15.4
Polearms       | 14 | 14.3
Staves         | 14 | 14.3
Stealth        | |  1.0

Action                   |  1- 3 |  4- 6 |  7- 9 | 10-12 | 13-15 | 16-18 | 19-21 | 22-24 || total
-------------------------+-------+-------+-------+-------+-------+-------+-------+-------++-------
Melee: Unarmed           |    15 |    10 |    72 |   270 |   395 |   479 |   401 |   479 ||  2121
       Punch             |       |     1 |     4 |    22 |       |       |       |       ||    27
       Spear             |       |       |       |     6 |       |       |       |       ||     6
 Fire: Blowgun           |       |       |       |       |       |       |     1 |       ||     1
 Cast: Mephitic Cloud    |       |     2 |     8 |    46 |    23 |    17 |     3 |       ||    99
       Conjure Flame     |       |       |     5 |    10 |    12 |     2 |     2 |       ||    31
       Blink             |       |       |       |     2 |     7 |     2 |       |     2 ||    13
       Statue Form       |       |       |       |       |    20 |    15 |    11 |    10 ||    56
       Deflect Missiles  |       |       |       |       |       |       |     2 |       ||     2
       Silence           |       |       |       |       |       |       |     2 |       ||     2
Invok: Call Merchant     |       |       |     1 |     3 |     8 |     6 |     1 |       ||    19
       Potion Petition   |       |       |       |       |       |       |     2 |     3 ||     5
 Abil: End Transformatio |       |       |       |       |       |     1 |       |       ||     1
Evoke: Wand              |       |       |       |       |     1 |       |       |       ||     1
  Use: Potion            |     1 |       |       |       |     5 |     2 |    11 |    14 ||    33
       Scroll            |       |       |       |     1 |     3 |     4 |       |       ||     8
 Stab: Confused          |       |     1 |    11 |    26 |    10 |     9 |     1 |       ||    58
       Distracted        |       |       |       |     3 |     3 |    12 |     5 |     4 ||    27
       Petrified         |       |       |       |     1 |       |       |       |       ||     1
       Sleeping          |       |       |       |       |       |     1 |       |       ||     1
  Eat: Chunk             |     2 |       |       |     2 |       |       |       |       ||     4
       Ration            |       |       |     2 |     5 |     8 |     5 |    12 |     8 ||    40
Armor: Robe              |     6 |     3 |    12 |    12 |       |       |       |       ||    33
       Swamp dragon scal |       |       |       |    26 |       |       |       |       ||    26
       Fire dragon scale |       |       |       |    17 |     7 |    16 |       |    25 ||    65
       Skin              |       |       |       |       |   196 |    59 |    60 |    23 ||   338
Dodge: Dodged            |     3 |     5 |    27 |    73 |   121 |    53 |    99 |    48 ||   429
       Deflected         |       |       |       |       |       |       |     5 |     1 ||     6
Block: Shield            |       |       |       |    13 |   156 |       |       |       ||   169
       Large shield      |       |       |       |       |   114 |   264 |   271 |   288 ||   937
       Reflection        |       |       |       |       |       |    10 |    12 |     2 ||    24
